 Dungeon Crawl Stone Soup version 0.21-a0-442-g848f44b (webtiles) character file.

224 KristoblXynda the Slasher (level 5, 0/45 HPs)
             Began as a Draconian Fighter on Nov 14, 2017.
             Slain by Duvessa
             ... wielding a +3 short sword of venom
              (9 damage)
             ... on level 4 of the Dungeon.
             The game lasted 00:05:15 (2740 turns).

KristoblXynda the Slasher (Draconian Fighter)       Turns: 2740, Time: 00:05:16

Health: 0/45       AC:  6    Str: 24    XL:     5   Next: 67%
Magic:  5/5        EV: 16    Int:  6    God:
Gold:   167        SH: 10    Dex: 16    Spells: 4/4 levels left

rFire    . . .     SeeInvis +   a - +1 long sword
rCold    . . .     Gourm    .   b - +0 shield
rNeg     . . .     Faith    .   (armour unavailable)
rPois    .         Spirit   .   j - +1 hat
rElec    .         Reflect  .   (no cloak)
rCorr    .         Harm     .   (no gloves)
MR       .....                  (no boots)
Stlth    +.........             g - amulet of inaccuracy (curse)
HPRegen  0.15/turn              (no ring)
MPRegen  0.09/turn              (no ring)

@: mighty, agile, very slightly contaminated, glowing
A: unfitting armour, see invisible, dopey 1, cold-blooded, AC +5
a: no special abilities


You were on level 4 of the Dungeon.
You were hungry.

You visited 1 branch of the dungeon, and saw 4 of its levels.

You collected 167 gold pieces.

Inventory:

Hand Weapons
 a - a +1 long sword (weapon)
Armour
 b - a +0 shield (worn)
 j - a +1 hat (worn)
Jewellery
 g - a cursed amulet of inaccuracy (around neck)
Scrolls
 n - a scroll of teleportation
 o - a scroll of enchant armour
Potions
 e - a potion of invisibility
 k - a potion of resistance
 m - 3 potions of brilliance
 s - a potion of mutation
Comestibles
 d - 5 bread rations
 f - 2 meat rations
 h - a royal jelly


   Skills:
 - Level 3.2 Fighting
 * Level 5.0 Long Blades
 - Level 2.6 Dodging
 + Level 4.4 Shields


You had 4 spell levels left.
You didn't know any spells.

Dungeon Overview and Level Annotations

Branches:
Dungeon (4/15)
 Temple: D:4-7

Altars:

Annotations:
D:4 Dowan, Duvessa


Innate Abilities, Weirdness & Mutations

Your plain brown scales are hard. (AC +5)
You cannot fit into any form of body armour.
You are cold-blooded and may be slowed by cold attacks.
You have supernaturally acute eyesight. (SInv)
You are dopey. (Int -2)


Message History

Dowan blinks!
You feel better. You block Duvessa's attack.
Blink to where?
Press: ? - help, Dir - move target cursor You are very lightly contaminated with residual magic.
As you read the scroll of blinking, it crumbles to dust.
You aren't carrying any items that you can evoke.
Unknown command.
Dowan gestures at you while chanting. The puff of flame hits you!
* * * LOW HITPOINT WARNING * * *
Dowan gestures at you while chanting.
You are outlined in light.
You block Duvessa's attack.
You closely miss Duvessa.
Duvessa is moderately wounded.
You are feeling hungry.
You block Duvessa's attack.
Duvessa hits you with a short sword of venom!
You die...

#.# #.#.### ###.### #.# .....
.....#
#####.#############.#######.#.##.
........†.......................>
#.###.##########.##.#.#####.#.##.
#.# #.. #e##.#.# #.#'# #.# ###
#.##.#.# ..... #.# #e##.#.#
......# #.# #@##.... .......# #.#
#.......##.#.........##
#.########......<####.#####.#.#
..................
#...............##
†.#########..... ÷÷# #..... ..#
###### ..#


You could see Duvessa and Dowan.

Vanquished Creatures
  The ghost of JackS81 the Sneak, an amateur OpAs (D:3)
  A worker ant (D:4)
  6 adders
  A dart slug (D:1)
  3 worms
  An orc (D:3)
  9 bats
  8 goblins
  5 hobgoblins
  6 jackals
  2 quokkas
  2 ball pythons
  6 frilled lizards
  8 kobolds
  8 rats
67 creatures vanquished.

Notes
Turn   | Place    | Note
-------+----------+-------------------------------------------
     0 | D:1      | KristoblXynda the Draconian Fighter began the quest for the Orb.
     0 | D:1      | Reached XP level 1. HP: 19/19 MP: 1/1
   259 | D:1      | Reached XP level 2. HP: 24/26 MP: 2/2
   505 | D:1      | Reached skill level 3 in Long Blades
   704 | D:2      | Reached XP level 3. HP: 27/31 MP: 3/3
  1643 | D:3      | Reached XP level 4. HP: 18/38 MP: 4/4
  1838 | D:3      | Noticed JackS81's ghost (amateur OpAs)
  1880 | D:3      | Killed JackS81's ghost
  1880 | D:3      | Reached skill level 4 in Long Blades
  1880 | D:3      | Reached XP level 5. HP: 41/45 MP: 5/5
  2212 | D:4      | Gained mutation: You are dopey. (Int -2) [potion of mutation]
  2212 | D:4      | Gained mutation: You have supernaturally acute eyesight. (SInv) [potion of mutation]
  2694 | D:4      | Reached skill level 5 in Long Blades
  2712 | D:4      | Noticed Duvessa
  2716 | D:4      | Noticed Dowan
  2728 | D:4      | HP: 2/45 [Duvessa/short sword of venom (13)]
  2740 | D:4      | Slain by Duvessa

Vault maps used:
D:1:      saegor_arrival_under_anarchy
D:2:      first_bread
D:4:      gammafunk_temple_overflow_elements, minmay_temple_entry_crystal_x,
          kennysheep_generic_room_11, uniq_duvessa

Skill      XL: |  1  2  3  4  5 |
---------------+----------------+-----
Long Blades    | 3 4 5 |  5.0
Shields        | 4 |  4.4
Fighting       | |  3.2
Dodging        | |  2.6

Action                   |  1- 3 |  4- 6 || total
-------------------------+-------+-------++-------
Melee: Long sword        |   179 |    90 ||   269
       Tailslap          |    22 |    16 ||    38
  Use: Scroll            |     7 |     6 ||    13
       Potion            |       |     7 ||     7
  Eat: Chunk             |     2 |     4 ||     6
Armor: Skin              |    75 |    45 ||   120
Dodge: Dodged            |    96 |    60 ||   156
Block: Shield            |   106 |    70 ||   176
       Rpst.: Long sword |    23 |    22 ||    45

Table legend:
 A = Spawn XP
 B = Non-spawn XP
 C = Spawn XP percentage of total XP
 D = Spawn monster count
 E = Non-spawn monster count
 F = Spawn count percentage of total count
 G = Total turns spent on level
                    A         B        C        D         E        F      G
               +---------+---------+-------+---------+---------+-------+---------
         Total |       0 |     321 |   0.0 |       0 |      67 |   0.0 |  2740
               +---------+---------+-------+---------+---------+-------+---------
           D:1 |       0 |      39 |   0.0 |       0 |      24 |   0.0 |   662
           D:2 |       0 |      45 |   0.0 |       0 |      19 |   0.0 |   906
           D:3 |       0 |     167 |   0.0 |       0 |      16 |   0.0 |   641
           D:4 |       0 |      70 |   0.0 |       0 |       8 |   0.0 |   531
               +---------+---------+-------+---------+---------+-------+---------
